 Dungeon Crawl Stone Soup version 0.30-a0-996-ga6910c8ee8 (webtiles) character file.

Game seed: 1144202187825854199

224 arthad the Chopper (level 6, 0/49 HPs)
             Began as a Vine Stalker Berserker on Apr 5, 2023.
             Was a Priest of Trog.
             Slain by a gnoll
             ... wielding a +0 spear
              (6 damage)
             ... on level 4 of the Dungeon.
             The game lasted 00:04:03 (2853 turns).

arthad the Chopper (Vine Stalker Berserker)         Turns: 2853, Time: 00:04:03

Health: 0/49       AC:  2    Str: 22    XL:     6   Next: 0%
Magic:  0/7        EV: 12    Int:  7    God:    Trog [***...]
Gold:   260        SH:  0    Dex: 13    Spells: 5/5 levels left

rFire   . . .      SeeInvis .    a - +0 hand axe
rCold   . . .      Faith    .    (no shield)
rNeg    . . .      Spirit   +    b - +0 animal skin
rPois   .          Reflect  .    (no helmet)
rElec   .          Rampage  .    (no cloak)
rCorr   .                        (no gloves)
Will    +++..                    (no boots) Stlth
                                 p - amulet of regeneration
HPRegen 2.88/turn                i - ring of willpower
MPRegen 0.10/turn                (no ring)

@: berserking, strong-willed, regenerating, very quick
A: fangs 2, regeneration 1, magic shield, antimagic bite, no potion heal 2
a: Renounce Religion, Berserk, Trog's Hand


You were on level 4 of the Dungeon.
You worshipped Trog.
Trog was most pleased with you.
You visited 1 branch of the dungeon, and saw 4 of its levels.

You collected 260 gold pieces.

Inventory:

Hand Weapons
 a - a +0 hand axe (weapon)
Armour
 b - a +0 animal skin (worn)
Magical Staves
 j - a staff of cold
Jewellery
 i - a ring of willpower (left hand)
 p - an amulet of regeneration (around neck)
Scrolls
 c - 2 scrolls of enchant armour {unknown}
 g - a scroll of enchant weapon {unknown}
 h - 5 scrolls of teleportation {unknown}
 l - 2 scrolls of identify {unknown}
 m - a scroll of immolation {unknown}
 o - a scroll of vulnerability {unknown}
 r - a scroll of poison {unknown}
Potions
 d - a potion of degeneration {unknown}
 e - 4 potions of curing {unknown}
 f - a potion of might {unknown}
 k - 2 potions of lignification {unknown}
 n - 3 potions of heal wounds {unknown}
 q - a potion of magic {unknown}


   Skills:
 * Level 4.0 Fighting
 * Level 4.1 Axes
 + Level 2.3 Armour
 + Level 2.4 Dodging


You had 5 spell levels left.
You didn't know any spells.
Your spell library contained the following spells:

 Spells                   Type           Power      Damage    Failure   Level
 Freeze                   Ice            0%         1d3       43%         1
 Slow                     Hex            0%         N/A       43%         1
 Call Canine Familiar     Summ           0%         N/A       80%         3
 Confusing Touch          Hex            0%         N/A       80%         3
 Frozen Ramparts          Ice            0%         1d1       80%         3
 Hailstorm                Conj/Ice       0%         3d3       80%         3
 Portal Projectile        Hex/Tloc       0%         N/A       80%         3
 Summon Guardian Golem    Hex/Summ       0%         N/A       80%         3
 Vampiric Draining        Necr           0%         2d6       80%         3
 Leda's Liquefaction      Hex/Erth       0%         N/A       99%         4
 Orb of Destruction       Conj           0%         9d5       100%        7
 Spellforged Servitor     Conj/Summ      0%         N/A       100%        7


Dungeon Overview and Level Annotations

Branches:
Dungeon (4/15)
 Temple: D:4-7

Altars:
Nemelex Xobeh

Shops:
D:1 =


Innate Abilities, Weirdness & Mutations

You have extremely sharp teeth.
Your natural rate of healing is unusually fast.
When hurt, damage is shared between your health and your magic reserves.
Your bite disrupts and absorbs the magic of your enemies.
Potions cannot restore your health.


Message History

You are too injured to fight recklessly!
You are too injured to fight recklessly!
You are too injured to fight recklessly!
You are too injured to fight recklessly!
You are too injured to fight recklessly!
You are too injured to fight recklessly!
You are too injured to fight recklessly!
You are too injured to fight recklessly!
Your skin crawls.
You feel strong-willed.
The gnoll hits you from afar with a +0 spear!
The gnoll closely misses you. The kobold hits you with a +0 club.
* * * LOW HITPOINT WARNING * * *
The gnoll misses you.
A red film seems to cover your vision as you go berserk!
You feel yourself moving faster!
You feel mighty!
The gnoll hits you from afar with a +0 spear!
* * * LOW HITPOINT WARNING * * *
The gnoll hits you with a +0 whip.
* * * LOW HITPOINT WARNING * * *
The kobold hits you but does no damage.
The gnoll throws a throwing net.
The throwing net barely misses you. The gnoll completely misses you.
You slash the gnoll!
You kill the gnoll!
Trog accepts your kill.
You slash the gnoll!
You kill the gnoll!
Trog accepts your kill.
You barely miss the kobold.
The gnoll hits you from afar with a +0 spear.
* * * LOW HITPOINT WARNING * * *
The gnoll barely misses you. The kobold closely misses you.
Your Fighting skill increases to level 4!
You have reached level 6!
You slash the kobold!
You kill the kobold!
Trog accepts your kill. The gnoll closely misses you.
The gnoll hits you from afar with a +0 spear.
You die...

#....#.......#.....'.....
+....#######'#.....######
#........................
#........................
........................
........................
.............##'###.....
......)).....#....######
.....g.@....(#.....# #
......)......#....## #
......g......###### #
.............# ######
.............# #.....
.............# #.....
.............# #.....
##+#.........# #.....
#.....


You could see 2 gnolls.

Vanquished Creatures
  A bullfrog (D:4)
  A jelly (D:4)
  2 gnolls (D:4)
  An adder (D:4)
  2 worms
  5 dart slugs
  5 orcs
  7 bats
  7 endoplasms
  2 giant cockroaches
  9 hobgoblins
  5 jackals
  2 quokkas
  8 ball pythons
  7 frilled lizards
  8 goblins
  3 kobolds
  9 rats
84 creatures vanquished.

Notes
Turn   | Place    | Note
-------+----------+-------------------------------------------
     0 | D:1      | arthad the Vine Stalker Berserker began the quest for the
                  | Orb.
     0 | D:1      | Reached XP level 1. HP: 11/11 MP: 2/2
    70 | D:1      | Reached XP level 2. HP: 16/16 MP: 3/3
   280 | D:1      | Reached ** piety under Trog
   281 | D:1      | Reached XP level 3. HP: 18/20 MP: 4/4
   347 | D:1      | Found Puonumit's Jewellery Shop.
   583 | D:2      | Found a faded altar of an unknown god.
  1484 | D:3      | Gained mutation: Your natural rate of healing is unusually
                  | fast. [Vine Stalker growth]
  1484 | D:3      | Reached XP level 4. HP: 24/24 MP: 5/5
  1977 | D:3      | Reached *** piety under Trog
  2102 | D:3      | Found a sparkling altar of Nemelex Xobeh.
  2291 | D:4      | Reached XP level 5. HP: 28/28 MP: 6/6
  2853 | D:4      | Reached XP level 6. HP: 4/33 MP: 0/7
  2853 | D:4      | Slain by a gnoll

Illustrated notes

Levels and vault maps discovered:
D:1:      dpeg_arrival_erosion, layout_rooms, serial_shops, shop_fountains,
          chequers_decorated_corner
D:2:      minmay_skewed_foursquare, layout_basic, nicolae_ecumenical_pavilion
D:3:      layout_basic, lemuel_round_altar
D:4:      layout_gridville

Skill      XL: |  1  2  3  4  5 |
---------------+----------------+-----
Axes           | 3 4 |  4.1
Fighting       | 3 4 |  4.0
Armour         | 2 |  2.3
Dodging        | 2 |  2.4

Action                     |  1- 3 |  4- 6 || total
---------------------------+-------+-------++-------
  Melee: Hand axe          |    99 |    90 ||   189
         Bite              |    24 |    29 ||    53
         Punch             |       |     1 ||     1
 Invoke: Berserk           |       |     1 ||     1
         Trog's Hand       |       |     1 ||     1
   Stab: Sleeping          |     1 |     1 ||     2
 Armour: Animal skin       |    22 |    17 ||    39
  Dodge: Dodged            |    57 |    69 ||   126

Table legend: (Time is in decaauts)
 A = Elapsed time spent in this place.
 B = Non-inter-level travel time spent in this place.
 C = Inter-level travel time spent in this place.
 D = Time resting spent in this place.
 E = Time spent auto-exploring this place.
 F = Levels seen in this place.
 G = Mean time per level.
                   A        B        C        D        E       F      G
               +--------+--------+--------+--------+--------+-----+--------+
         Total |   2877 |   2811 |     66 |      0 |   2336 |   4 |  719.2 |
       Dungeon |   2877 |   2811 |     66 |      0 |   2336 |   4 |  719.2 |
               +--------+--------+--------+--------+--------+-----+--------+

Top non-repeatable levels by time:
     D:2: 883 daAuts
     D:4: 719 daAuts
     D:3: 685 daAuts
     D:1: 590 daAuts
